Zazza, neutral female human Tourist ----------- |.........| -------------- ------------ |...*.....| ...:....:....-## |..........| |.#.......-# |o......@....| # |..........| ---.---.---# |.<..........|`#######...........-# # # .----.-----.-. * #`# -------|----# # # # # ### ### ### # # # # # -.---- ### ### # ------ |..... # # ######|....| |....| -------|- ############ # ###|....| |...`-## |.......| -|----------- ### ## #.>...| ------ # # |.......| |..........{| # # ------ ###-.----.------ |.......| |...........-######## #............-# --------- |...........| |...........|#####################...........|| ------------- ------------- Zazza the Sightseer Experience level: 4 Strength: 14 Dexterity: 10 Constitution: 18 Intelligence: 13 Wisdom: 9 Charisma: 17 Health: 0(53) Energy: 14(14) Def: 0 Gold: 493 Moves: 4009 Dungeon seed: xeRWx7Xd2e-uKgLe Game ID: Zazza_1535368535 Your Inventory: Coins $ - 493 gold pieces Weapons a - 22 +2 darts (in quiver) w - 2 +0 darts Armor e - an uncursed +0 Hawaiian shirt (being worn) n - an uncursed +0 orcish helm z - an uncursed +0 oilskin cloak J - an uncursed +0 Hawaiian shirt N - a cursed -1 pair of gauntlets of fumbling Comestibles b - an uncursed tripe ration k - 6 uncursed food rations q - an uncursed egg D - an uncursed orange Scrolls h - a blessed scroll of magic mapping i - 2 uncursed scrolls of magic mapping A - an uncursed scroll of fire C - an uncursed scroll of identify G - a blessed scroll of teleportation M - 2 uncursed scrolls of blank paper O - a blessed scroll of blank paper Potions p - 3 uncursed potions of extra healing r - an uncursed potion of healing u - an uncursed potion of full healing F - an uncursed potion of gain energy P - an uncursed potion of water S - an uncursed potion of object detection Rings o - a blessed +1 ring of gain strength E - a cursed -2 ring of gain strength Tools c - an uncursed credit card j - an expensive camera (0:55) l - a magic marker (0:39) m - an expensive camera (0:46) K - an uncursed brass lantern (0:1314) R - an uncursed tin whistle Gems y - an uncursed fluorite stone H - 2 uncursed worthless pieces of black glass I - an uncursed jade stone Y - an uncursed worthless piece of white glass Spells and supernatural/magical abilities: Name Level Category Fail Memory W - pray for help -- divine ? -- Your skills at the end: Fighting Skills Weapon Skills dart [Basic] Spellcasting Skills Final Attributes: You were fervently aligned. You were shock resistant. You were lucky. You are dead. Vanquished creatures: a black pudding 2 leprechauns a mountain nymph a rock piercer a rock mole a fog cloud a shrieker a gray ooze a paper golem a homunculus 3 hill orcs an iguana an acid blob 2 coyotes a gas spore a hobbit a large kobold a giant rat a cave spider 2 yellow molds a red mold 6 garter snakes 3 geckos 9 jackals 3 foxes a kobold a goblin 7 sewer rats 7 grid bugs 3 lichens 2 kobold zombies 12 newts 80 creatures vanquished. Voluntary challenges: You had been an atheist until turn 3578. You never hit with a wielded weapon. You read items or engraved 2 times, starting on turn 78. You never genocided any monsters. You never polymorphed an object. You never changed form. You used no wishes. You never split a pudding. You never wrote Elbereth's name. You violated your moral code, losing 1 point of alignment, starting on turn 3153. Dungeon overview: The Dungeons of Doom: levels 1 to 6 Level 1 a long staircase Level 2 a potion shop, some fountains Level 3 some fountains Level 4 a sink a long staircase Level 5 <- You were here a fountain, a sink Level 6 a fountain History has recorded: On T:1 you entered the Dungeons of Doom to retrieve the Amulet of Yendor! On T:529 you reached level 2 of The Dungeons of Doom. On T:1392 you reached level 3 of The Dungeons of Doom. On T:2256 you reached level 4 of The Dungeons of Doom. On T:2496 you advanced to experience level 2. On T:2667 you advanced to experience level 3. On T:2691 you reached level 5 of The Dungeons of Doom. On T:3375 you reached level 6 of The Dungeons of Doom. On T:3432 you advanced to experience level 4. Score breakdown: Gold: 340 ( 8615 points) Experience: 4 levels ( 9649 points) Exploration: 6 levels ( 11.76%) ( 9486 points) Discoveries: 5 items ( 1.68%) ( 3885 points) Valuables value: (no points given unless you survive) Artifact value: 0 ( 0 points) Variety of kills: 32 monsters ( 8.40%) ( 8694 points) Turncount: 4009 turns (-1028 points) Survival: died (score multiplied by 80%) Total score: 31440 Latest messages: The iguana bites! You hit it. (2x) The iguana bites! You hit it. You miss it. The iguana bites! You miss it. You hit it. The iguana bites! You miss it. (2x) The iguana bites! You hit it. You miss it. The iguana bites! You miss it. You hit it. The hill orc zaps a forked wand! The magic missile hits you! The iguana bites! You begin praying to The Lady. You hear a slow drip. The hill orc zaps a wand of magic missile! The magic missile hits you! You die... Final status: Aloha Zazza the Tourist, killed by a magic missile, while praying... You died in The Dungeons of Doom on dungeon level 5 with 31440 points, and 493 pieces of gold, after 4009 moves. You were level 4 with a maximum of 53 hit points when you died.